 Dungeon Crawl Stone Soup version 0.14-a0-226-gcf818b1 (webtiles) character file.

189 Malachi the Poker (level 4, 0/34 HPs)
             Began as a Demonspawn Abyssal Knight on Oct 10, 2013.
             Was a Priest of Lugonu.
             Slain by an orc wizard
             ... wielding a +1,+3 orcish flail
              (11 damage)
             ... on Level 3 of the Dungeon.
             The game lasted 00:05:23 (2887 turns).

Malachi the Poker (Demonspawn Abyssal Knight)       Turns: 2887, Time: 00:05:24

HP   0/34        AC  3     Str 12      XL: 4   Next: 71%
MP   6/6         EV 10     Int 15      God: Lugonu [***...]
Gold 72          SH  0     Dex 10      Spells:  0 memorised,  3 levels left

Res.Fire  : . . .   See Invis. : .   a - +2 spear
Res.Cold  : . . .   Warding    : .   b - +0 leather armour
Life Prot.: . . .   Conserve   : .   (no shield)
Res.Poison: .       Res.Corr.  : .   (helmet restricted)
Res.Elec. : .       Clarity    : .   (no cloak)
Sust.Abil.: . .     Spirit.Shd : .   (no gloves)
Res.Mut.  : .       Stasis     : .   (no boots)
Res.Rott. : .       Flight     : .   (no amulet)
Saprovore : + . .                    (no ring)
                                     d - cursed -2 ring of dexterity

@: slightly resistant to hostile enchantments, very unstealthy
A: antennae 1, powered by death 1, saprovore 1
a: Depart the Abyss, Bend Space, Banish, Renounce Religion


You were on level 3 of the Dungeon.
You worshipped Lugonu.
Lugonu was most pleased with you.
You were hungry.

You visited 1 branch of the dungeon, and saw 4 of its levels.
You visited the Abyss 1 time.

You collected 52 gold pieces.

Inventory:

Hand weapons
 a - a +2,+2 spear (weapon)
Armour
 b - a +0 leather armour (worn)
Comestibles
 c - a bread ration
 k - a cheese
 l - a rotting chunk of adder flesh
Scrolls
 h - a scroll of noise {unknown}
 i - a scroll of enchant weapon II {unknown}
Jewellery
 d - a cursed -2 ring of dexterity (left hand)
 e - an uncursed amulet of guardian spirit {unknown}
Potions
 g - a potion of heal wounds
 j - a potion of invisibility {unknown}


   Skills:
 - Level 3.0 Fighting
 * Level 4.1 Polearms
 - Level 1.7 Armour
 - Level 0.8 Dodging
 + Level 3.5 Invocations


You had 3 spell levels left.
You didn't know any spells.

Dungeon Overview and Level Annotations

Branches:
Dungeon (4/27)
 Temple: D:4-7

Altars:

Annotations:
D:3 Grinder; Jessica; Malachi's ghost, average DsAK


Innate Abilities, Weirdness & Mutations

You have a pair of small antennae on your head.
You can steal the life force of nearby defeated enemies.
You can tolerate rotten meat.


Message History

Aim: an orc, wielding a glowing orcish hand axe (heavily wounded)
You reach to attack!
You puncture the orc!
You kill the orc!
Lugonu accepts your kill. It hits you.
No target in view!
You hit it but do no damage.
You hear some strange, mumbled words.
The puff of flame hits you!
* * * LOW HITPOINT WARNING * * *
You hit it but do no damage. It hits you.
* * * LOW HITPOINT WARNING * * *
Drink which item? (? for menu, Esc to quit)
Magic courses through your body.
It was a potion of magic.
You feel less regenerative.
Drink which item? (? for menu, Esc to quit)
You feel much better.
It was a potion of heal wounds.
It hits you.
You miss it. It hits you.
You miss it. It hits you!
You die...

#.# #.# #.# #.# #.# #.#
#.# #.### ###.# #...#
...(# ###.##### #####
#.....#
#####.....###########
#>........@))...(....
#........###......###
####......(.# #......#
#...........# #{.....#
#.##........# #o.....#
#.#.........###o.....#
#.#..................#
#.#.............###....#
####.#..#####......#
.##.


There were no monsters in sight!

Vanquished Creatures
  3 adders
  A worm (D:2)
  An ooze (D:2)
  5 orcs (D:3)
  6 bats
  5 hobgoblins
  3 jackals (D:1)
  16 kobolds
  3 ball pythons
  8 giant cockroaches
  3 giant geckos
  2 giant newts (D:2)
  7 goblins
  7 rats
70 creatures vanquished.

Notes
Turn   | Place    | Note
--------------------------------------------------------------
     0 | Abyss:1  | Malachi, the Demonspawn Abyssal Knight, began the quest for the Orb.
     0 | Abyss:1  | Reached XP level 1. HP: 16/16 MP: 1/1
     2 | Abyss:1  | Found a corrupted altar of Lugonu.
    11 | D:1      | Escaped the Abyss
    12 | D:1      | Noticed a shark
   200 | D:1      | Gained mutation: You can tolerate rotten meat. [demonic ancestry]
   200 | D:1      | Reached XP level 2. HP: 8/22 MP: 2/2
   466 | D:1      | Acquired Lugonu's second power
   690 | D:1      | Gained mutation: You have a pair of small antennae on your head. [demonic ancestry]
   690 | D:1      | Reached XP level 3. HP: 19/28 MP: 4/4
  1502 | D:2      | Acquired Lugonu's third power
  1554 | D:2      | Gained mutation: You can steal the life force of nearby defeated enemies. [demonic ancestry]
  1554 | D:2      | Reached XP level 4. HP: 15/34 MP: 6/6
  2512 | D:3      | Noticed Jessica
  2512 | D:3      | Noticed Grinder
  2619 | D:3      | Reached skill level 4 in Polearms
  2647 | D:3      | Noticed Malachi's ghost (average DsAK)
  2686 | D:3      | You fall through a shaft!
  2887 | D:3      | Slain by an orc wizard

Action                   |  1- 3 |  4- 6 || total
-------------------------+-------+-------++-------
Melee: Spear             |   168 |   111 ||   279
  Use: Scroll            |     1 |       ||     1
       Potion            |     1 |     2 ||     3
